Map: Echo LE (Void)

Players

Descalier

  • Race: Terran Terran

Bop - Winner!

  • Race: Terran Terran

VOD

Have the link to the VOD?

Description

Time

  • Played on: May 4, 2015, 6:15 p.m.
  • Length: 8:30
Show
View Real Time Build Order
Export as new Build Order

Descalier Terran 

Build Orders: MMM Bio 

Get SALT Encoding   

  12  0:01  SCV  
  13  0:14  SCV  
  14  0:17  Supply Depot  
  14  0:26  SCV  
  15  0:39  SCV, Barracks  
  16  0:51  SCV  
  17  1:03  SCV  
  18  1:15  SCV  
  19  1:27  Orbital Command  
  19  1:28  Marine  
  20  1:34  Command Center  
  20  1:47  Marine  
  20  1:49  Barracks  
  20  1:53  SCV  
  22  1:57  Refinery  
  22  2:05  Marine  
  22  2:08  Refinery  
  23  2:11  SCV  
  23  2:17  Supply Depot  
  23  2:37  Barracks  
  23  2:39  SCV, Marine x2  
  26  2:57  SCV  
  29  3:00  Barracks Reactor, Barracks Tech Lab  
  29  3:03  Orbital Command  
  25  3:18  SCV  
  26  3:28  Barracks Reactor, Combat Shields, Marine  
  26  3:30  Engineering Bay  
  26  3:34  SCV x2  
  29  3:39  Marine  
  29  3:40  Marine  
  31  3:46  SCV x2, Marine  
  30  3:57  Marine x2  
  30  3:58  SCV x2  
  33  4:04  Marine  
  30  4:15  Marine x2  
  30  4:17  Marine x2  
  26  4:21  SCV  
  26  4:22  Marine  
  21  4:33  Marine x2  
  21  4:34  Marine  
  21  4:38  SCV x2  
  16  4:51  SCV x2  
  16  4:52  Marine  
  17  4:57  Stimpack  
  14  5:03  SCV  
  14  5:09  Marine  
  13  5:16  Marine  
  14  5:22  Marine  
  14  5:28  SCV  
  16  5:35  Marine  
  18  5:41  Marine x2  
  19  5:48  SCV  
  20  5:57  Marine x2  
  20  5:58  Marine x2  
  20  6:00  SCV  
  20  6:01  Orbital Command  
  20  6:04  Marine  
  26  6:15  Marine x3  
  26  6:17  SCV  
  30  6:29  SCV  
  31  6:34  Marine x2  
  31  6:35  Marine x3  
  31  6:37  SCV  
  37  6:52  SCV x2  
  39  6:56  Marine  
  39  6:57  Marine x4  
  34  7:14  Marine x4  
  37  7:16  Marine  
  37  7:18  SCV x2  
  31  7:30  SCV x2  
  31  7:32  Marine x3  
  31  7:36  Marine x2  
  38  7:42  SCV x2  
  40  7:45  Factory  
  40  7:50  Marine x2  
  42  7:54  SCV, Marine x2  
  42  7:58  Marine  
  46  8:04  Supply Depot  
  46  8:06  SCV  
  46  8:11  Marine  
  46  8:14  SCV  
Show
View Real Time Build Order
Export as new Build Order

Bop Terran - Winner!

Build Orders:  

Get SALT Encoding   

  12  0:01  SCV  
  13  0:13  SCV  
  14  0:18  Supply Depot  
  14  0:25  SCV  
  15  0:39  SCV  
  15  0:41  Barracks  
  16  0:45  Refinery  
  16  0:51  SCV  
  16  0:57  Supply Depot  
  17  1:05  SCV  
  18  1:15  Barracks  
  18  1:18  SCV  
  19  1:30  SCV  
  20  1:34  Reaper  
  21  1:40  Supply Depot  
  21  1:42  Orbital Command  
  21  2:02  Reaper  
  21  2:06  Reaper  
  23  2:14  Barracks  
  23  2:16  Barracks  
  23  2:21  SCV  
  24  2:27  Refinery  
  24  2:33  SCV  
  24  2:34  Reaper  
  26  2:42  Reaper  
  27  2:45  Supply Depot  
  27  2:48  SCV  
  28  3:06  Reaper  
  28  3:13  Reaper  
  28  3:15  Reaper  
  30  3:20  SCV  
  30  3:23  Supply Depot, Reaper  
  32  3:38  Reaper  
  32  3:40  SCV  
  34  3:43  Command Center  
  34  3:56  Reaper x2  
  34  4:21  Reaper x2  
  35  4:33  SCV  
  35  4:44  Reaper  
  35  4:51  Command Center  
  34  4:52  Factory  
  34  4:54  SCV  
  34  4:56  Orbital Command  
  35  5:00  Barracks Reactor  
  35  5:04  Barracks Reactor  
  35  5:06  SCV  
  36  5:18  SCV  
  37  5:27  SCV  
  38  5:30  Barracks Reactor  
  38  5:31  SCV  
  38  5:33  Barracks Tech Lab  
  39  5:37  Marine x2  
  39  5:39  SCV  
  42  5:42  Starport  
  42  5:43  SCV  
  42  5:46  Marine  
  42  5:47  Marine  
  44  5:51  SCV  
  44  5:54  Factory Tech Lab, Marine x2  
  47  5:57  Marine  
  47  6:00  Stimpack  
  47  6:01  SCV  
  50  6:04  Marine x2  
  50  6:09  Marine  
  50  6:10  Marine  
  54  6:12  Marine  
  54  6:13  SCV  
  54  6:15  Orbital Command  
  55  6:22  Marine x4  
  55  6:25  Siege Tank  
  62  6:40  Marine x5  
  62  6:43  Medivac  
  62  6:44  SCV x3  
  62  6:46  Refinery  
  72  6:47  Refinery  
  72  6:48  Engineering Bay  
  72  6:49  Marine  
  73  6:55  Marine  
  73  6:57  Marine  
  73  6:58  Marine  
  76  7:02  Marine x2  
  76  7:07  Supply Depot  
  77  7:09  Supply Depot  
  77  7:10  Marine  
  77  7:11  Marine  
  77  7:13  Marine  
  74  7:15  Marine  
  74  7:17  Marine  
  74  7:18  Siege Tank  
  74  7:19  Medivac  
  74  7:20  Marine x2  
  74  7:21  SCV  
  75  7:28  Marine  
  75  7:29  Orbital Command  
  70  7:30  Marine x2  
  70  7:33  Marine  
  72  7:38  Marine x3  
  75  7:46  Marine  
  75  7:47  Barracks  
  75  7:48  Marine x2  
  75  7:51  Siege Tank, Marine  
  81  7:56  Marine x2  
  84  7:59  Supply Depot  
  84  8:00  Supply Depot  
Tags
 
Add a new tag
Caveats
  • Supply blocks, unpowered buildings, or Contaminate may cause inaccurate times.
  • Supply counts are checked every 10 seconds.